 Dungeon Crawl Stone Soup version 0.18-a0-921-g28655ce (webtiles) character file.

2121 filipzpl the Chiller (level 9, -1/76 HPs)
             Began as a Pale Draconian Transmuter on Dec 27, 2015.
             Shot with an arrow of dispersal by a centaur (9 damage)
             ... on level 7 of the Dungeon.
             The game lasted 00:25:56 (8949 turns).

filipzpl the Chiller (Pale Draconian Transmuter)    Turns: 8949, Time: 00:25:56

Health: -1/76      AC:  7    Str: 13      XL:     9   Next: 8%
Magic:  6/12       EV: 10    Int: 16      God:
Gold:   344        SH:  2    Dex: 11 (12) Spells: 3 memorised, 4 levels left

rFire  x x .     SeeInvis .       - Unarmed
rCold  + + +     Gourm    .     (armour unavailable)
rNeg   + . .     Faith    .     (shield currently unavailable)
rPois  +         Spirit   .     (helmet currently unavailable)
rElec  .         Dismiss  .     (cloak currently unavailable)
rCorr  .         Reflect  +     (gloves currently unavailable)
SustAt .         Harm     .     (boots currently unavailable)
MR     .....                    f - +2 amulet of reflection
Stlth  +.........               v - ring of ice
                                i - ring of positive energy

@: about to teleport, ice-form, very slightly contaminated, starving, not
resistant to hostile enchantments, very unstealthy
A: (breathe steam), unfitting armour, (cold-blooded), AC +7
a: End Transformation


You were on level 7 of the Dungeon.
You were starving.
You were a creature of crystalline ice.
You visited 1 branch of the dungeon, and saw 7 of its levels.

You collected 344 gold pieces.

Inventory:

Missiles
 a - 131 arrows
Armour
 E - a cursed +0 cloak
Jewellery
 f - a +2 amulet of reflection (around neck)
 i - a ring of positive energy (left front paw)
 m - an uncursed ring of flight {unknown}
 p - an uncursed ring of fire {unknown}
 s - an uncursed ring of positive energy
 v - a ring of ice (right front paw)
Wands
 u - a wand of paralysis (15/24)
 x - a wand of slowing (16/48)
 B - a wand of fire (5/15)
 C - a wand of magic darts (22/48)
 D - a wand of confusion (31/48)
 G - a wand of lightning (13/15)
Scrolls
 r - 2 scrolls of fog
 y - a scroll of teleportation
 F - a scroll of enchant weapon
 H - a scroll of fear
Potions
 d - a potion of mutation {unknown}
 e - 3 potions of brilliance {unknown}
 g - 2 potions of resistance {unknown}
 h - 2 potions of haste {unknown}
 j - 2 potions of poison {unknown}
 k - a potion of invisibility {unknown}
 l - 2 potions of heal wounds {unknown}
 n - a potion of curing {unknown}
 o - a potion of magic {unknown}
 z - a potion of berserk rage {unknown}
 A - a potion of agility {unknown}
Books
 b - a book of Changes

   Spells                             Type                      Level
   a - Beastly Appendage              Transmutation                1
   b - Sticks to Snakes               Transmutation                2
   c - Spider Form                    Transmutation/Poison         3
   d - Ice Form                       Ice/Transmutation            4
   e - Blade Hands                    Transmutation                5
 q - a book of Beasts

   Spells                             Type                      Level
   a - Summon Butterflies             Summoning                    1
   b - Call Canine Familiar           Summoning                    3
   c - Summon Ice Beast               Ice/Summoning                4
   d - Summon Mana Viper              Hexes/Summoning              5
   e - Summon Hydra                   Summoning                    7
 w - a book of Frost

   Spells                             Type                      Level
   a - Freeze                         Ice                          1
   b - Throw Frost                    Conjuration/Ice              2
   c - Ozocubu's Armour               Charms/Ice                   3
   d - Throw Icicle                   Conjuration/Ice              4
   e - Summon Ice Beast               Ice/Summoning                4
   f - Condensation Shield            Ice                          4
Comestibles
 c - 2 bread rations
 I - a meat ration


   Skills:
 - Level 1.1 Fighting
 - Level 1.7 Dodging
 - Level 6.0 Unarmed Combat
 - Level 2.0 Spellcasting
 * Level 5.4 Transmutations
 + Level 7.7 Ice Magic
 * Level 5.1 Poison Magic


You had 4 spell levels left.
You knew the following spells:

 Your Spells              Type           Power        Failure   Level  Hunger
a - Beastly Appendage     Trmt           ###...       2%          1    #......
b - Spider Form           Trmt/Pois      ###.......   10%         3    ###....
c - Ice Form              Ice/Trmt       ####....     14%         4    #####..


Dungeon Overview and Level Annotations

Branches:
Dungeon (7/15)             Temple (0/1) D:7

Altars:
Ashenzari
Qazlal
Ru
Sif Muna
Xom


Innate Abilities, Weirdness & Mutations

((You can breathe blasts of scalding, opaque steam.))
((Your pale cyan-grey scales are hard (AC +7).))
Your body does not fit into most forms of armour.
((You are cold-blooded and may be slowed by cold attacks.))


Message History

The centaur shoots an arrow of dispersal.
The arrow of dispersal hits you!
* * * LOW HITPOINT WARNING * * *
You blink.
The centaur shoots an arrow of dispersal.
The arrow of dispersal misses you.
The centaur shoots an arrow of dispersal.
The arrow of dispersal hits you.
* * * LOW HITPOINT WARNING * * *
You blink.
Read which item? (? for menu, Esc to quit)
As you read the scroll of teleportation, it crumbles to dust.
You feel strangely unstable.
The centaur shoots an arrow of dispersal.
The arrow of dispersal hits you.
* * * LOW HITPOINT WARNING * * *
You blink.
The centaur shoots an arrow of dispersal.
The arrow of dispersal hits you!
You die...

#######
.........o# # #
........#c# #
........#)#
#############.#
#.............#
#.........g...##
#...ยง....c.....#
#..............#
#......Y.o..[...#
###############.#
.# .#


You could see a centaur, a gnoll and an orc.

Vanquished Creatures
  2 sky beasts
  An ice beast (D:6)
  3 ogres
  A phantom (D:6)
  5 giant frogs
  2 centaurs (D:6)
  4 wights (D:6)
  A quasit (D:6)
  A crimson imp (D:5)
  A hound (D:4)
  2 jellies
  Crazy Yiuf (D:4)
  A giant frog zombie (D:6)
  A centaur skeleton (D:5)
  2 iguanas (D:6)
  5 orc wizards
  4 worker ants
  A worker ant zombie (D:6)
  13 adders
  6 gnolls
  A shadow imp (D:5)
  2 oozes (D:5)
  2 adder skeletons (D:4)
  2 worms
  16 orcs
  A ball python (D:5)
  A bat (D:2)
  5 giant cockroaches
  8 goblins
  8 hobgoblins
  12 jackals
  3 quokkas
  4 giant geckos
  A giant gecko skeleton (D:5)
  2 giant newts (D:4)
  A jackal skeleton (D:3)
  7 kobolds
  A quokka zombie (D:6)
  4 rats
138 creatures vanquished.

Notes
Turn   | Place    | Note
--------------------------------------------------------------
     0 | D:1      | filipzpl the Draconian Transmuter began the quest for the Orb.
     0 | D:1      | Reached XP level 1. HP: 16/16 MP: 3/3
   302 | D:1      | Found a shattered altar of Ashenzari.
   814 | D:2      | Reached XP level 2. HP: 15/23 MP: 5/5
  1096 | D:2      | Reached skill level 4 in Unarmed Combat
  1374 | D:2      | Reached XP level 3. HP: 15/28 MP: 6/6
  1528 | D:2      | Learned a level 3 spell: Spider Form
  2015 | D:2      | Reached skill level 1 in Poison Magic
  2102 | D:3      | Reached XP level 4. HP: 26/35 MP: 4/7
  2418 | D:3      | Reached XP level 5. HP: 40/40 MP: 8/8
  3336 | D:4      | Noticed an ogre
  3360 | D:4      | Killed an ogre
  3360 | D:4      | Reached XP level 6. HP: 47/47 MP: 5/9
  3754 | D:4      | Noticed Crazy Yiuf
  3765 | D:4      | Killed Crazy Yiuf
  3936 | D:5      | Entered Level 5 of the Dungeon
  3948 | D:5      | Reached skill level 5 in Unarmed Combat
  4384 | D:4      | Learned a level 4 spell: Ice Form
  4678 | D:5      | Reached skill level 6 in Unarmed Combat
  4678 | D:5      | Your scales start taking on a pale cyan-grey colour.
  4678 | D:5      | Reached XP level 7. HP: 52/52 MP: 6/10
  4743 | D:5      | Reached skill level 1 in Ice Magic
  5400 | D:5      | Found a sacrificial altar of Ru.
  5622 | D:5      | Found a stormy altar of Qazlal.
  5971 | D:6      | Found a deep blue altar of Sif Muna.
  6047 | D:6      | Found a shimmering altar of Xom.
  6556 | D:6      | Reached skill level 5 in Ice Magic
  6556 | D:6      | Reached XP level 8. HP: 44/59 MP: 7/11
  7406 | D:6      | Reached skill level 7 in Ice Magic
  8594 | D:7      | Reached skill level 5 in Transmutations
  8854 | D:7      | Reached skill level 5 in Poison Magic
  8854 | D:7      | Reached XP level 9. HP: 64/64 MP: 3/12
  8906 | D:7      | Found a staircase to the Ecumenical Temple.
  8949 | D:7      | Shot with an arrow of dispersal by a centaur

Vault maps used:
D:1:      minmay_arrival_up_and_down, evilmike_ruin_ashenzari
D:3:      first_bread
D:4:      minmay_misc_feat_plants, uniq_crazy_yiuf_cottage
D:5:      nicolae_qazlal_eye_of_the_storm, nicolae_ru_sacrificial_ziggurat,
          saegor_snake_ambush
D:6:      lemuel_coloured_pillars_altar, xom_butterflies
D:7:      kennysheep_seaside_town, minmay_temple_entry_glass, grunt_ogre_cave

Action                   |  1- 3 |  4- 6 |  7- 9 || total
-------------------------+-------+-------+-------++-------
Melee: Unarmed           |   131 |   150 |   304 ||   585
 Cast: Beastly Appendage |     7 |       |       ||     7
       Spider Form       |     3 |    16 |    19 ||    38
       Ice Form          |       |       |     5 ||     5
  Use: Scroll            |     5 |     6 |     2 ||    13
 Stab: Sleeping          |       |     1 |       ||     1
  Eat: Chunk             |     4 |     7 |     2 ||    13
       Fruit             |       |     1 |     2 ||     3
       Bread ration      |       |     1 |     1 ||     2
       Meat ration       |       |       |     1 ||     1
       Pizza             |       |       |     1 ||     1
